 Dungeon Crawl Stone Soup version 0.26-a0-812-g31a745ddcd (webtiles) character file.

Game seed: 9809459219137772844

1570 vurker the Sneak (level 8, -1/60 HPs)
             Began as a Gnoll Enchanter on Dec 8, 2020.
             Splashed by Maggie's acid (13 damage)
             ... on level 6 of the Dungeon.
             The game lasted 00:13:22 (7847 turns).

vurker the Sneak (Gnoll Enchanter)                  Turns: 7847, Time: 00:13:22

Health: -1/60      AC: 11    Str: 12    XL:     8   Next: 90%
Magic:  26/26      EV: 13    Int: 19    God:
Gold:   426        SH:  5    Dex: 15    Spells: 19/19 levels left

rFire    . . .     SeeInvis .   f - +0 whip (freeze)
rCold    . . .     Faith    .   B - +0 buckler
rNeg     . . .     Spirit   .   m - +0 ring mail
rPois    .         Reflect  .   (no helmet)
rElec    .         Harm     .   (no cloak)
rCorr    .         Rampage  .   r - +2 pair of gloves
MR       .....                  u - +1 pair of boots
Stlth    +++.......             C - amulet of magic regeneration
HPRegen  0.20/turn              l - ring of magical power
MPRegen  0.45/turn              D - +4 ring of protection

@: corroded, mesmerised
A: distributed training, fangs 1, strong nose
a: no special abilities


You were on level 6 of the Dungeon.
You visited 1 branch of the dungeon, and saw 7 of its levels.

You collected 426 gold pieces.

Inventory:

Hand Weapons
 a - a +2 dagger
 f - a +0 whip of freezing (weapon)
   (You took it off Pikel on level 4 of the Dungeon)
Armour
 m - a +0 ring mail (worn)
   (You found it on level 1 of the Dungeon)
 r - a +2 pair of gloves (worn)
   (You found it on level 2 of the Dungeon)
 u - a +1 pair of boots (worn)
   (You found it on level 2 of the Dungeon)
 A - a +0 chain mail
   (You took it off an orc on level 2 of the Dungeon)
 B - a +0 buckler (worn)
   (You found it on level 7 of the Dungeon)
Jewellery
 l - a ring of magical power (left hand)
   (You found it on level 1 of the Dungeon)
 o - an uncursed ring of fire
   (You found it on level 1 of the Dungeon)
 y - an uncursed ring of positive energy
   (You found it on level 2 of the Dungeon)
 C - an amulet of magic regeneration (around neck)
   (You found it on level 3 of the Dungeon)
 D - a +4 ring of protection (right hand)
   (You found it on level 3 of the Dungeon)
Wands
 d - a wand of iceblast (2)
   (You took it off Ijyb on level 5 of the Dungeon)
Scrolls
 c - 4 scrolls of teleportation
 g - 3 scrolls of enchant weapon
 h - 4 scrolls of fear
 i - a scroll of magic mapping
 n - a scroll of enchant armour
 q - a scroll of immolation
 s - 2 scrolls of amnesia
 x - 3 scrolls of remove curse
Potions
 b - 2 potions of magic {unknown}
 e - a potion of mutation {unknown}
 k - 2 potions of flight
 p - a potion of attraction {unknown}
 v - a potion of cancellation {unknown}
 w - a potion of might {unknown}
 z - a potion of berserk rage {unknown}


   Skills:
 + Level 3.6 Fighting
 + Level 4.5 Short Blades
 + Level 3.6 Long Blades
 + Level 3.6 Axes
 + Level 3.6 Maces & Flails
 + Level 3.6 Polearms
 + Level 3.6 Staves
 + Level 3.6 Slings
 + Level 3.6 Bows
 + Level 3.6 Crossbows
 + Level 3.6 Throwing
 + Level 3.6 Armour
 + Level 5.9 Dodging
 + Level 7.1 Stealth
 + Level 3.6 Shields
 + Level 3.6 Unarmed Combat
 + Level 6.2 Spellcasting
 + Level 3.0 Conjurations
 + Level 6.3 Hexes
 + Level 3.0 Summonings
 + Level 3.0 Necromancy
 + Level 3.0 Translocations
 + Level 3.0 Transmutations
 + Level 3.0 Fire Magic
 + Level 3.0 Ice Magic
 + Level 3.0 Air Magic
 + Level 3.0 Earth Magic
 + Level 3.0 Poison Magic
 + Level 4.0 Invocations
 + Level 3.6 Evocations


You had 19 spell levels left.
You didn't know any spells.
Your spell library contained the following spells:

 Spells                   Type           Power        Failure   Level
 Corona                   Hex            ####...      1%          1
 Ensorcelled Hibernation  Hex/Ice        ###...       5%          2
 Confusing Touch          Hex            ####....     5%          3
 Tukima's Dance           Hex            ####....     5%          3
 Animate Skeleton         Necr           ###...       7%          1
 Apportation              Tloc           ###...       7%          1
 Summon Small Mammal      Summ           ###.         7%          1
 Dazzling Flash           Conj/Hex       ###...       11%         3


Dungeon Overview and Level Annotations

Branches:
Dungeon (7/15)
 Temple: D:4-7

Altars:
Fedhas
Gozag
Makhleb
Qazlal
Beogh

Annotations:
D:6 Maggie


Innate Abilities, Weirdness & Mutations

Your experience applies equally to all skills.
You have very sharp teeth.
Your uncanny sense of smell can sniff out nearby items.


Message History

You block the centaur zombie's attack.
You hit the centaur zombie. The centaur zombie barely misses you.
You hit the centaur zombie but do no damage.
The centaur zombie hits you but does no damage.
You hit the centaur zombie. The centaur zombie closely misses you.
You hit the centaur zombie. Your bite misses the centaur zombie.
The centaur zombie closely misses you.
Your ring mail prevents you from hitting the centaur zombie.
The centaur zombie barely misses you. The centaur zombie hits you.
You hit the centaur zombie.
You destroy the centaur zombie!
No target in view!
No target in view!
No target in view!
No target in view!
No target in view!
No target in view!
No target in view!
No target in view!
No target in view!
As you open the door, it creaks loudly!
Maggie the Vainglorious comes into view.
She is wielding a +0 vorpal glaive and carrying a wand of acid (3).
There is an open door here.
Maggie casts a spell.
Maggie attempts to bespell you! You resist with almost no effort.
Maggie mumbles some strange words.
Maggie attempts to bespell you!
You are mesmerised by Maggie!
Maggie casts a spell at you. The bolt of fire misses you.
You hit Maggie but do no damage. You bite Maggie, but do no damage.
Maggie hits you with a +0 vorpal glaive.
You closely miss Maggie. Your bite misses Maggie. Maggie closely misses you.
You hit Maggie but do no damage.
Maggie zaps a wand.
The bolt of acid hits you but does no damage.
The acid corrodes you!
You are splashed with acid!
You hit Maggie but do no damage.
Maggie zaps a wand.
The bolt of acid hits you!!
* * * LOW HITPOINT WARNING * * *
You are splashed with acid!!
* * * LOW HITPOINT WARNING * * *
Unknown command.
You feel much better.
Maggie zaps a wand.
The bolt of acid hits you!
* * * LOW HITPOINT WARNING * * *
You are splashed with acid!
You die...

#. ###.##### #.....<.#
##+# #.......# ##...##
#.......# ##.....##
##.......# ##.......##
##........#
#.........####.........#
+.....@@..'.............
#.........####...#..####
##.......## ##.##.##
##.....## ####.# ##...##
#.# ##+# #.# #.# #.. #.#
∆


You could see Maggie (mesmerising).

Vanquished Creatures
  Pikel (D:4)
  Sigmund (D:3)
  A water moccasin (D:7)
  A phantom (D:5)
  An ogre (D:4)
  A lemure (D:3)
  A water moccasin skeleton (D:4)
  A centaur zombie (D:6)
  A bullfrog zombie (D:5)
  A jelly (D:7)
  2 hounds (D:5)
  3 orc priests
  Ijyb (D:5)
  3 orc wizards
  4 worker ants
  A hound zombie (D:7)
  A worker ant zombie (D:5)
  3 gnolls (D:7)
  3 adders (D:3)
  A white imp (D:5)
  2 oozes (D:2)
  2 dart slugs
  2 leopard geckos
  25 orcs
  A ball python (D:4)
  6 giant cockroaches
  16 goblins
  9 hobgoblins
  A quokka (D:4)
  7 bats
  2 frilled lizards
  6 kobolds
  A leopard gecko zombie (D:4)
  A quokka skeleton (D:4)
  9 rats
122 creatures vanquished.

Notes
Turn   | Place    | Note
-------+----------+-------------------------------------------
     0 | D:1      | vurker the Gnoll Enchanter began the quest for the Orb.
     0 | D:1      | Reached XP level 1. HP: 13/13 MP: 6/6
   745 | D:1      | Reached XP level 2. HP: 19/19 MP: 7/7
  1629 | D:1      | Reached XP level 3. HP: 23/25 MP: 9/9
  1638 | D:1      | Reached skill level 5 in Spellcasting
  1818 | D:2      | Reached skill level 6 in Stealth
  1882 | D:2      | Reached skill level 1 in Invocations
  2218 | D:2      | Reached skill level 1 in Fighting
  2218 | D:2      | Reached skill level 1 in Long Blades
  2218 | D:2      | Reached skill level 1 in Axes
  2218 | D:2      | Reached skill level 1 in Maces & Flails
  2218 | D:2      | Reached skill level 1 in Polearms
  2218 | D:2      | Reached skill level 1 in Staves
  2218 | D:2      | Reached skill level 1 in Slings
  2218 | D:2      | Reached skill level 1 in Bows
  2218 | D:2      | Reached skill level 1 in Crossbows
  2218 | D:2      | Reached skill level 1 in Throwing
  2218 | D:2      | Reached skill level 1 in Armour
  2218 | D:2      | Reached skill level 1 in Shields
  2218 | D:2      | Reached skill level 1 in Unarmed Combat
  2218 | D:2      | Reached skill level 1 in Evocations
  2452 | D:2      | Found an opulent altar of Gozag.
  2453 | D:2      | Reached XP level 4. HP: 32/32 MP: 11/11
  3096 | D:3      | Reached skill level 1 in Conjurations
  3096 | D:3      | Reached skill level 1 in Summonings
  3096 | D:3      | Reached skill level 1 in Necromancy
  3096 | D:3      | Reached skill level 1 in Translocations
  3096 | D:3      | Reached skill level 1 in Transmutations
  3096 | D:3      | Reached skill level 1 in Fire Magic
  3096 | D:3      | Reached skill level 1 in Ice Magic
  3096 | D:3      | Reached skill level 1 in Air Magic
  3096 | D:3      | Reached skill level 1 in Earth Magic
  3096 | D:3      | Reached skill level 1 in Poison Magic
  3305 | D:3      | Noticed Sigmund
  3408 | D:3      | Reached XP level 5. HP: 37/37 MP: 12/12
  4053 | D:3      | Killed Sigmund
  4053 | D:3      | Reached skill level 5 in Dodging
  4053 | D:3      | Reached XP level 6. HP: 26/44 MP: 14/14
  4465 | D:4      | Found a burning altar of Makhleb.
  4465 | D:4      | Noticed a cacodemon
  4469 | D:4      | Noticed a hellwing
  4469 | D:4      | Noticed an orange demon
  4955 | D:4      | Noticed Pikel
  5286 | D:4      | Found a roughly hewn altar of Beogh.
  5295 | D:4      | Reached XP level 7. HP: 50/50 MP: 15/15
  5464 | D:4      | Killed Pikel
  5464 | D:4      | Reached XP level 8. HP: 46/58 MP: 16/16
  6151 | D:5      | Entered Level 5 of the Dungeon
  6169 | D:5      | Noticed Ijyb
  6240 | D:5      | Killed Ijyb
  6458 | D:5      | Found a blossoming altar of Fedhas.
  6689 | D:5      | Reached skill level 7 in Stealth
  6951 | D:5      | Found a stormy altar of Qazlal.
  6956 | D:5      | You fall into a shaft and drop 2 floors!
  7838 | D:6      | Noticed Maggie
  7846 | D:6      | HP: 2/60 [acid (19)]
  7847 | D:6      | Splashed by Maggie's acid

Illustrated notes

Levels and vault maps discovered:
D:1:      dpeg_arrival_simpleton_b, layout_basic, minmay_tromino_v7
D:2:      wander_river, layout_basic, nicolae_gozag_seed_capital
D:3:      layout_basic, grunt_decor_mini_mirrors, guppyfry_early_orc_mine,
          uniq_sigmund
D:4:      layout_gridville, makhleb_altar_promises_db, kennysheep_orc_chapel,
          uniq_pikel
D:5:      layout_rooms, grunt_qazlal_clouds, basic_altar, uniq_ijyb
D:6:      layout_loops_corners, kennysheep_mini_moat,
          minmay_temple_entry_slanted, chequers_serial_rivers_micro_b,
          uniq_maggie
D:7:      layout_gridville, old_standard_altar, bloody_trog

Skill      XL: |  1  2  3  4  5  6  7  8 |
---------------+-------------------------+-----
Spellcasting   | 5 6 |  6.2
Stealth        | 6 7 |  7.1
Invocations    | 1 2 3 4 |  4.0
Fighting       | 1 2 3 |  3.6
Long Blades    | 1 2 3 |  3.6
Axes           | 1 2 3 |  3.6
Maces & Flails | 1 2 3 |  3.6
Polearms       | 1 2 3 |  3.6
Staves         | 1 2 3 |  3.6
Slings         | 1 2 3 |  3.6
Bows           | 1 2 3 |  3.6
Crossbows      | 1 2 3 |  3.6
Throwing       | 1 2 3 |  3.6
Armour         | 1 2 3 |  3.6
Shields        | 1 2 3 |  3.6
Unarmed Combat | 1 2 3 |  3.6
Evocations     | 1 2 3 |  3.6
Conjurations   | 1 2 3 |  3.0
Summonings     | 1 2 3 |  3.0
Necromancy     | 1 2 3 |  3.0
Translocations | 1 2 3 |  3.0
Transmutations | 1 2 3 |  3.0
Fire Magic     | 1 2 3 |  3.0
Ice Magic      | 1 2 3 |  3.0
Air Magic      | 1 2 3 |  3.0
Earth Magic    | 1 2 3 |  3.0
Poison Magic   | 1 2 3 |  3.0
Short Blades   | 3 4 |  4.5
Dodging        | 5 |  5.9
Hexes          | 6 |  6.3

Action                   |  1- 3 |  4- 6 |  7- 9 || total
-------------------------+-------+-------+-------++-------
Melee: Dagger            |   141 |   290 |   111 ||   542
       Bite              |     8 |    34 |    35 ||    77
       Punch             |       |     1 |     2 ||     3
       Whip              |       |       |   322 ||   322
Evoke: Wand              |       |       |     3 ||     3
  Use: Scroll            |       |    11 |     5 ||    16
       Potion            |       |       |     9 ||     9
 Stab: Sleeping          |    12 |     8 |     9 ||    29
Armor: Ring mail         |    47 |   101 |   145 ||   293
       Robe              |     2 |       |       ||     2
Dodge: Dodged            |    74 |   195 |   226 ||   495
Block: Buckler           |       |       |     4 ||     4

Table legend: (Time is in decaauts)
 A = Elapsed time spent in this place.
 B = Non-inter-level travel time spent in this place.
 C = Inter-level travel time spent in this place.
 D = Time resting spent in this place.
 E = Time spent auto-exploring this place.
 F = Levels seen in this place.
 G = Mean time per level.
                   A        B        C        D        E       F      G
               +--------+--------+--------+--------+--------+-----+--------+
         Total |   7709 |   7417 |    292 |    741 |   5118 |   7 | 1101.3 |
       Dungeon |   7709 |   7417 |    292 |    741 |   5118 |   7 | 1101.3 |
               +--------+--------+--------+--------+--------+-----+--------+

Top non-repeatable levels by time:
     D:1: 1952 daAuts
     D:4: 1765 daAuts
     D:2: 1352 daAuts
     D:3: 1151 daAuts
     D:7: 640 daAuts
     D:5: 607 daAuts
     D:6: 241 daAuts
